 Dungeon Crawl Stone Soup version 0.25-a0-577-ga4619f409e (webtiles) character file.

Game seed: 642646117217511348, levelgen mode: deterministic

9117 Flugslaktarn the Cleaver (level 11, -2/97 HPs)
             Began as a Minotaur Fighter on Mar 2, 2020.
             Was a Believer of Makhleb.
             Slain by Urug
             ... wielding a +4 great sword
              (7 damage)
             ... while petrified by a basilisk
             ... on level 11 of the Dungeon.
             The game lasted 00:04:51 (9026 turns).

Flugslaktarn the Cleaver (Minotaur Fighter)         Turns: 9026, Time: 00:04:51

Health: -2/97      AC: 18    Str: 23      XL:     11   Next: 18%
Magic:  0/13       EV:  2    Int:  4 (5)  God:    Makhleb [**....]
Gold:   188        SH:  0    Dex:  9      Spells: 10/10 levels left

rFire    . . .     SeeInvis .   H - +4 hand axe (elec)
rCold    . . .     Gourm    .   c - +0 kite shield
rNeg     + + +     Faith    .   A - +0 plate armour
rPois    ∞         Spirit   +   (helmet restricted)
rElec    .         Reflect  .   i - +1 cloak {+Inv}
rCorr    .         Harm     .   (no gloves)
MR       .....     Rnd*Rage +   (no boots)
Stlth    ..........             F - amulet of guardian spirit
HPRegen  0.00/turn              f - ring of positive energy
MPRegen  0.13/turn              p - +2 ring of protection

@: petrified
A: retaliatory headbutt, horns 2, berserk 1, deterioration 1, low mp 1,
screaming 1, inhibited regeneration, weak 1
a: Minor Destruction, Renounce Religion, Evoke Invisibility


You were on level 11 of the Dungeon.
You worshipped Makhleb.
Makhleb was pleased with you.
You were not hungry.

You visited 2 branches of the dungeon, and saw 12 of its levels.

You collected 483 gold pieces.
You spent 295 gold pieces at shops.

Inventory:

Hand Weapons
 a - a +1 war axe
 H - a +4 hand axe of electrocution (weapon)
   (You bought it in a shop on level 9 of the Dungeon)
Missiles
 C - 2 throwing nets (quivered)
Armour
 b - a +0 scale mail
 c - a +0 kite shield (worn)
 i - a +1 cloak of invisibility (worn)
   (You took it off Maurice on level 9 of the Dungeon)
 s - a +0 chain mail
   (You found it on level 4 of the Dungeon)
 w - a +0 tower shield
   (You found it on level 4 of the Dungeon)
 A - a +0 plate armour (worn)
   (You took it off an orc warrior on level 7 of the Dungeon)
Jewellery
 f - a ring of positive energy (left hand)
   (You found it on level 1 of the Dungeon)
 p - a +2 ring of protection (right hand)
   (You found it on level 6 of the Dungeon)
 F - an amulet of guardian spirit (around neck)
   (You found it on level 7 of the Dungeon)
Wands
 y - a wand of enslavement (9)
   (You found it on level 6 of the Dungeon)
 I - a wand of clouds (2)
   (You found it on level 9 of the Dungeon)
Scrolls
 g - 2 scrolls of immolation
 j - 2 scrolls of fear
 k - a scroll of vulnerability {unknown}
 o - 2 scrolls of fog
 r - 3 scrolls of identify
 t - 2 scrolls of teleportation
 u - a scroll of enchant weapon
 x - 2 scrolls of remove curse
 z - a scroll of blinking
 E - a scroll of holy word
 G - a scroll of noise {unknown}
 J - a scroll of enchant armour {unknown}
Potions
 d - 2 potions of might
 h - a potion of magic
 l - 2 potions of ambrosia {unknown}
 m - a potion of stabbing
 n - a potion of berserk rage
 q - 2 potions of curing
 v - a potion of mutation
 B - 2 potions of brilliance
 D - 3 potions of lignification {unknown}
 L - a potion of haste {unknown}
 M - 2 potions of invisibility {unknown}
Comestibles
 e - 17 rations
 K - 2 chunks of flesh


   Skills:
 + Level 9.5 Fighting
 * Level 12.3 Axes
 + Level 9.5 Armour
 + Level 9.4 Shields
 + Level 6.2 Invocations


You had 10 spell levels left.
You didn't know any spells.
Your spell library was empty.

Dungeon Overview and Level Annotations

Branches:
Dungeon (11/15)            Temple (1/1) D:6
   Lair: D:8-11         Orc: D:9-12

Altars:
Ashenzari
Cheibriados
Elyvilon
Fedhas
Gozag
Hepliaklqana
Kikubaaqudgha
Makhleb
Nemelex Xobeh
Okawaru
Ru
Sif Muna
Trog
Uskayaw
Vehumet
Wu Jian
Xom
Yredelemnul
Zin
The Shining One

Shops:
D:6 [   D:9 (

Annotations:
D:8 2 runed translucent doors
D:10 3 runed translucent doors, EnegeticOcto's ghost, journeyman DDFi
D:11 Urug


Innate Abilities, Weirdness & Mutations

You reflexively headbutt those who attack you in melee.
You have a pair of horns on your head.
You tend to lose your temper in combat.
Your body sometimes deteriorates upon taking damage.
Your magical capacity is low. (-10% MP)
You occasionally shout uncontrollably at your foes.
You do not regenerate when monsters are visible.
You are weak. (Str -2)


Message History

The basilisk bites you!
* * * LOW HITPOINT WARNING * * *
Urug hits you with a +4 great sword!
* * * LOW HITPOINT WARNING * * *
The hippogriff bites you but does no damage.
The hippogriff pecks you but does no damage.
The hippogriff claws you but does no damage.
The basilisk gazes at you. You resist with some effort.
Urug hits you with a +4 great sword!
* * * LOW HITPOINT WARNING * * *
The hippogriff bites you. The hippogriff pecks you.
* * * LOW HITPOINT WARNING * * *
The hippogriff claws you but does no damage.
The basilisk bites you but does no damage.
The hippogriff bites you but does no damage.
The hippogriff pecks you but does no damage.
The hippogriff claws you but does no damage.
Urug hits you with a +4 great sword!
You die...
Xom snickers!

..# ..# ..# ..# ######
..#
#####....########..#####
...............H........
...>..........rl@....#
........##.....o###..#
......######...Z(.# #
##..### ###....# ####
###.r# #rZ# #(.#
#.....(.PP #.....♣.l.


You could see Urug, a hippogriff, a basilisk, a porcupine and a wyvern zombie.

Vanquished Creatures
  Harold (D:8)
  An unseen horror (D:10)
  An ugly thing (D:11)
  Maurice (D:9)
  A troll (D:10)
  A hornet (D:8)
  3 hippogriffs
  A spriggan (D:7)
  3 wyverns
  Grum (D:8)
  A wraith (D:10)
  3 hungry ghosts
  A steam dragon (D:10)
  An acid dragon (D:10)
  A water moccasin (D:9)
  3 orc warriors
  An ice beast (D:10)
  4 sky beasts
  A phantom (D:8)
  4 black bears
  A necrophage (D:10)
  3 ogres
  4 wolves (D:8)
  3 centaurs
  3 bullfrogs
  A wyvern skeleton (D:11)
  A scorpion (D:9)
  3 killer bees (D:7)
  4 howler monkeys
  An electric eel (D:9)
  2 crimson imps
  2 bullfrog zombies
  A quasit (D:8)
  3 centaur zombies
  4 orc priests
  A hound (D:8)
  A jelly (D:9)
  A centaur skeleton (D:6)
  12 orc wizards
  Terence (D:3)
  2 iguanas
  6 worker ants
  2 hound zombies (D:9)
  A worker ant zombie (D:6)
  A howler monkey zombie (D:6)
  4 gnolls
  2 howler monkey skeletons
  6 adders
  3 shadow imps
  2 oozes
  An adder zombie (D:6)
  2 worms
  4 leopard geckos
  29 orcs
  2 ball pythons (D:1)
  4 giant cockroaches
  7 goblins
  3 hobgoblins
  6 kobolds
  A quokka (D:7)
  A bat (D:2)
  6 frilled lizards
  A quokka zombie (D:6)
  2 rats
184 creatures vanquished.

Vanquished Creatures (others)
  A crimson imp (D:9)
  An orc (D:9)
  A fungus (D:11)
3 creatures vanquished.

Grand Total: 187 creatures vanquished

Notes
Turn   | Place    | Note
-------+----------+-------------------------------------------
     0 | D:1      | Flugslaktarn the Minotaur Fighter began the quest for the
                  | Orb.
     0 | D:1      | Reached XP level 1. HP: 19/19 MP: 0/0
    99 | D:1      | Reached XP level 2. HP: 27/27 MP: 1/1
   119 | D:1      | Reached skill level 3 in Axes
   357 | D:2      | Found an ancient bone altar of Kikubaaqudgha.
   426 | D:2      | Reached XP level 3. HP: 33/33 MP: 2/2
   485 | D:3      | Noticed Terence
   502 | D:3      | Killed Terence
   537 | D:3      | Reached XP level 4. HP: 16/40 MP: 3/3
   611 | D:3      | Reached skill level 4 in Axes
   936 | D:4      | Found a shimmering blue altar of Sif Muna.
  1317 | D:4      | Reached XP level 5. HP: 47/47 MP: 4/4
  1496 | D:5      | Entered Level 5 of the Dungeon
  1714 | D:5      | Found a shimmering altar of Xom.
  1715 | D:5      | Found a shimmering altar of Xom.
  1715 | D:5      | Found a shimmering altar of Xom.
  1717 | D:5      | Found a shimmering altar of Xom.
  1729 | D:5      | Became a worshipper of Xom of Chaos
  1816 | D:5      | Reached skill level 5 in Axes
  2035 | D:5      | Found a white marble altar of Elyvilon.
  2059 | D:5      | XOM: harmless Summ miscast
  2133 | D:5      | XOM: divination: magic mapping
  2373 | D:6      | Reached XP level 6. HP: 46/55 MP: 5/5
  2492 | D:6      | Reached skill level 5 in Fighting
  2492 | D:6      | Reached skill level 5 in Armour
  2492 | D:6      | Reached skill level 5 in Shields
  2565 | D:6      | Found Gerifol's Armour Emporium.
  2700 | D:6      | Found a staircase to the Ecumenical Temple.
  2705 | D:6      | Reached skill level 6 in Axes
  2705 | D:6      | Reached XP level 7. HP: 55/61 MP: 6/6
  2721 | D:6      | XOM: scenery: 2 fountains blood, 3 doors open, 1 doors
                  | close
  2724 | Temple   | Entered the Ecumenical Temple
  2858 | Temple   | Fell from the grace of Xom
  2858 | Temple   | Became a worshipper of Makhleb the Destroyer
  2976 | D:6      | XOM: stat loss: -1 Int (4/5)
  3455 | D:7      | Reached skill level 1 in Invocations
  3568 | D:7      | Noticed a spriggan baker
  3587 | D:7      | Killed a spriggan baker
  3587 | D:7      | Reached skill level 7 in Axes
  3871 | D:7      | Reached XP level 8. HP: 67/70 MP: 8/8
  3911 | D:7      | XOM: give mutations
  3911 | D:7      | Gained mutation: You are agile. (Dex +2) [Xom's mischief]
  3911 | D:7      | Gained mutation: You are weak. (Str -2) [Xom's mischief]
  4208 | D:7      | XOM: divination: detect items
  4232 | D:7      | Reached skill level 8 in Axes
  4433 | D:7      | Reached * piety under Makhleb
  4608 | D:7      | Found a hide-covered altar of Uskayaw.
  4652 | D:7      | XOM: stat loss: -2 Int (3/5)
  4857 | D:7      | XOM: mild Fire miscast
  4894 | D:7      | XOM: mild Erth miscast
  5099 | D:8      | Noticed Harold
  5109 | D:8      | Reached XP level 9. HP: 60/79 MP: 7/10
  5138 | D:8      | Lost intelligence.
  5144 | D:8      | Killed Harold
  5144 | D:8      | Reached skill level 9 in Axes
  5581 | D:8      | Reached skill level 10 in Axes
  5795 | D:8      | Found a hazy altar of Hepliaklqana.
  5919 | D:8      | Found a shattered altar of Ashenzari.
  5982 | D:8      | XOM: divination: detect creatures
  6010 | D:8      | Paralysed by a hornet for 2 turns
  6042 | D:8      | XOM: give mutations
  6042 | D:8      | Lost mutation: You are agile. (Dex +2) [Xom's mischief]
  6042 | D:8      | Gained mutation: Your body sometimes deteriorates upon
                  | taking damage. [Xom's mischief]
  6042 | D:8      | Gained mutation: You occasionally shout uncontrollably at
                  | your foes. [Xom's mischief]
  6042 | D:8      | Gained mutation: Your magical capacity is low. (-10% MP)
                  | [Xom's mischief]
  6464 | D:8      | Noticed Grum
  6493 | D:8      | Killed Grum
  6493 | D:8      | Reached XP level 10. HP: 40/88 MP: 4/11
  6695 | D:8      | Found a runed translucent door.
  6700 | D:8      | Found a runed translucent door.
  6796 | D:9      | Found a sparkling altar of Nemelex Xobeh.
  6833 | D:9      | Noticed Maurice
  6841 | D:9      | Reached ** piety under Makhleb
  6865 | D:9      | Killed Maurice
  6949 | D:9      | Reached skill level 11 in Axes
  6949 | D:9      | Reached skill level 5 in Invocations
  7245 | D:9      | Found Sasoci's Weapon Emporium.
  7267 | D:9      | Bought a +4 hand axe of electrocution for 295 gold pieces
  7574 | D:10     | Entered Level 10 of the Dungeon
  7753 | D:10     | XOM: 5-stop teleportation journey
  7880 | D:10     | XOM: give mutations
  7880 | D:10     | Gained mutation: You tend to lose your temper in combat.
                  | [Xom's mischief]
  7880 | D:10     | Gained mutation: You do not regenerate when monsters are
                  | visible. [Xom's mischief]
  7948 | D:10     | Noticed EnegeticOcto's ghost (journeyman DDFi)
  8263 | D:10     | Found a runed translucent gate.
  8263 | D:10     | Found a runed translucent gate.
  8263 | D:10     | Found a runed translucent gate.
  8493 | D:10     | Reached skill level 12 in Axes
  8493 | D:10     | Reached XP level 11. HP: 88/97 MP: 11/12
  8541 | D:10     | Killed an unseen horror
  8840 | D:11     | Noticed a red ugly thing
  8852 | D:11     | Killed a red ugly thing
  8991 | D:11     | Noticed Urug
  9026 | D:11     | Slain by Urug

Levels and vault maps discovered:
D:1:      dpeg_arrival_tiny_a, layout_loops_ring
D:2:      layout_rooms, kiku_gazebo_pond_becter, old_standard_altar,
          chequers_ecumenical_altar_grove
D:3:      layout_loops_ring, nicolae_qazlal_general_emergency,
          cheibrodos_sewer_entry_bend, uniq_crazy_yiuf_cottage, uniq_terence,
          uniq_ijyb
D:4:      layout_basic, lemuel_blue_sif_altar, first_ration
D:5:      layout_basic, xom_redecorated, kennysheep_little_box
D:6:      layout_loops_ring, minmay_temple_entry_hall, serial_shops, shop
D:7:      layout_cave_pods, eat_drink_and_be_merry_uskayaw, the_bakery,
          minmay_bent
D:8:      lemuel_insect_pit, layout_loops_ring, lemuel_doored_altar,
          cheibrodos_ashenzari_chains, dk_noncrumbling_3, uniq_grum, uniq_harold
D:9:      layout_rooms, lemuel_crystal_altar, serial_shops, shop_statue,
          water_boxes_lemuel, uniq_maurice
D:10:     layout_stronghold, gammafunk_ghost_icy
D:11:     layout_long_grid, minmay_lair_entry_grove, serial_shops,
          nicolae_shop_crystal, nicolae_two_hexagons, nrook_mini_backslash,
          minmay_misc_feat_cross, uniq_urug
Temple:   nicolae_temple_x_marks_the_god

Skill      XL: |  1  2  3  4  5  6  7  8  9 10 11 |
---------------+----------------------------------+-----
Axes           | 3 4 5 6 7 8 10 12 | 12.3
Fighting       | 4 5 6 7 8 9 |  9.5
Shields        | 4 5 6 7 8 9 |  9.4
Armour         | 4 5 7 8 9 |  9.5
Invocations    | 1 3 4 5 6 |  6.2

Action                   |  1- 3 |  4- 6 |  7- 9 | 10-12 || total
-------------------------+-------+-------+-------+-------++-------
Melee: War axe           |    52 |   101 |   302 |    78 ||   533
       Headbutt          |     5 |    19 |    38 |    42 ||   104
       Hand axe          |       |       |       |   120 ||   120
 Abil: Evoke Invisibilit |       |       |       |     1 ||     1
  Use: Scroll            |       |       |    13 |       ||    13
       Potion            |       |       |     4 |       ||     4
 Stab: Invisible         |       |       |       |     7 ||     7
  Eat: Chunk             |       |     4 |     8 |     6 ||    18
       Ration            |       |     1 |     4 |     1 ||     6
Armor: Scale mail        |    12 |     6 |       |       ||    18
       Chain mail        |       |    40 |    78 |       ||   118
       Plate armour      |       |       |    84 |   133 ||   217
Dodge: Dodged            |    12 |    13 |    47 |    45 ||   117
Block: Kite shield       |    20 |     6 |    38 |   109 ||   173
       Tower shield      |       |    64 |   189 |       ||   253

Table legend:
 A = Non-vault XP
 B = Vault XP
 C = Vault XP percentage of total XP
 D = Non-vault monster count
 E = Vault monster count
 F = Vault count percentage of total count
                 A         B        C        D         E       F
            +---------+---------+-------+---------+---------+-------
      Total |   10262 |    2763 |  21.2 |     172 |      13 |   7.0
            +---------+---------+-------+---------+---------+-------
        D:1 |      34 |       0 |   0.0 |      17 |       0 |   0.0
        D:2 |      21 |       0 |   0.0 |       7 |       0 |   0.0
        D:3 |     102 |      36 |  26.1 |      13 |       1 |   7.1
        D:4 |      14 |       0 |   0.0 |       2 |       0 |   0.0
        D:5 |     138 |       0 |   0.0 |      11 |       0 |   0.0
        D:6 |     697 |       0 |   0.0 |      26 |       0 |   0.0
        D:7 |     770 |     570 |  42.5 |      16 |       5 |  23.8
        D:8 |    1793 |    1712 |  48.8 |      25 |       6 |  19.4
        D:9 |    1460 |     445 |  23.4 |      21 |       1 |   4.5
       D:10 |    4486 |       0 |   0.0 |      28 |       0 |   0.0
       D:11 |     747 |       0 |   0.0 |       6 |       0 |   0.0
            +---------+---------+-------+---------+---------+-------
